General information
- name: BNet
- type: Ladder team game (AT/RT)
- host: Battle.net
- saver: FaveColorlsPink
map: Monsoon
- players: 6
- length: 24:59
- speed: Fast
- version: 1.26 W3XP
- replay type: Public
» download(165 KB)
Players
team 1 (loser)

»
eluutz (
blue | 72 APM | 1803 actions | 24:57)
3 Archmage
2 Summon Water Elemental
1 Brilliance Aura
2 Mountain King
1 Storm Bolt
1 Thunder Clap
» actions
| Assign group hotkey | 64 | |
| Basic commands | 139 | |
| Build / train | 76 | |
| Enter build submenu | 29 | |
| Enter hero's abilities submenu | 5 | |
| Give item / drop item | 2 | |
| Right click | 446 | |
| Select / deselect | 257 | |
| Select group hotkey | 708 | |
| Use ability | 77 | |
1803 total
» units
| Peasant | 12 | |
| Rifleman | 10 | |
| Mortar Team | 8 | |
| Siege Engine | 5 | |
35 total
» upgrades
| Long Rifles | 1 | |
| Fragmentation Shards | 1 | |
| Barrage | 1 | |
| Lumber Harvesting | 2 | |
| Flare | 1 | |
| Gunpowder | 2 | |
| Masonry | 2 | |
10 total
» buildings
| Altar of Kings | 1 | |
| Farm | 7 | |
| Lumber Mill | 1 | |
| Scout Tower | 7 | |
| Blacksmith | 1 | |
| Barracks | 3 | |
| Arcane Tower | 1 | |
| Keep | 2 | |
| Arcane Vault | 1 | |
| Castle | 1 | |
| Guard Tower | 2 | |
| Workshop | 2 | |
| Town Hall | 3 | |
32 total
» build order
00:22 Altar of Kings
00:35 Farm
01:06 Lumber Mill
01:32 Farm
01:46 Scout Tower
01:51 Farm
02:01 Blacksmith
02:22 Barracks
02:45 Barracks
02:54 Barracks
03:00 Arcane Tower
03:15 Farm
03:26 Keep
03:37 Farm
04:11 Arcane Vault
06:57 Castle
07:27 Scout Tower
07:29 Farm
07:54 Guard Tower
07:56 Scout Tower
08:31 Workshop
08:33 Workshop
09:58 Town Hall
10:39 Farm
10:41 Scout Tower
10:45 Scout Tower
10:46 Scout Tower
10:48 Scout Tower
14:16 Guard Tower
22:14 Town Hall
24:48 Town Hall
» items
| Dust of Appearance | 3 | |
| Scroll of Regeneration | 4 | |
| Scroll of Town Portal | 5 | |
| Potion of Healing | 3 | |
| Staff of Sanctuary | 1 | |
| Potion of Lesser Invulnerability | 2 | |
18 total
NICK-FOUND (
green | 42 APM | 1033 actions | 24:36)
5 Death Knight
2 Death Coil
3 Unholy Aura
3 Lich
2 Frost Nova
1 Dark Ritual
» actions
| Build / train | 90 | |
| Enter build submenu | 18 | |
| Enter hero's abilities submenu | 8 | |
| Give item / drop item | 1 | |
| Remove unit from queue | 1 | |
| Right click | 486 | |
| Select / deselect | 344 | |
| Use ability | 85 | |
1033 total
» units
| Acolyte | 7 | |
| Ghoul | 6 | |
| Crypt Fiend | 20 | |
| Frost Wyrm | 11 | |
44 total
» upgrades
| Creature Carapace | 2 | |
| Web | 1 | |
| Creature Attack | 2 | |
| Freezing Breath | 1 | |
6 total
» buildings
| Graveyard | 2 | |
| Crypt | 1 | |
| Altar of Darkness | 1 | |
| Ziggurat | 7 | |
| Tomb of Relics | 1 | |
| Nerubian Tower | 2 | |
| Halls of the Dead | 1 | |
| Necropolis | 1 | |
| Black Citadel | 3 | |
| Spirit Tower | 1 | |
| Sacrificial Pit | 1 | |
| Boneyard | 2 | |
23 total
» build order
00:18 Graveyard
00:22 Graveyard
00:29 Crypt
00:32 Altar of Darkness
00:47 Ziggurat
01:05 Ziggurat
01:26 Tomb of Relics
03:27 Nerubian Tower
03:30 Ziggurat
04:45 Halls of the Dead
05:06 Necropolis
05:34 Ziggurat
06:52 Ziggurat
06:53 Ziggurat
07:22 Black Citadel
07:22 Black Citadel
07:22 Black Citadel
07:48 Spirit Tower
08:39 Sacrificial Pit
08:42 Ziggurat
08:51 Nerubian Tower
09:44 Boneyard
10:27 Boneyard
» items
| Rod of Necromancy | 1 | |
| Potion of Healing | 3 | |
| Scroll of Town Portal | 6 | |
| Scroll of Healing | 2 | |
| Scroll of Protection | 1 | |
| Potion of Mana | 3 | |
16 total

»
NitrO- (
yellow | 77 APM | 1901 actions | 24:33)
4 Far Seer
2 Feral Spirit
2 Chain Lighting
2 Shadow Hunter
1 Hex
1 Healing Wave
» actions
| Assign group hotkey | 46 | |
| Basic commands | 48 | |
| Build / train | 82 | |
| Enter build submenu | 19 | |
| Enter hero's abilities submenu | 6 | |
| Right click | 729 | |
| Select / deselect | 432 | |
| Select group hotkey | 433 | |
| Use ability | 106 | |
1901 total
» units
| Peon | 15 | |
| Grunt | 9 | |
| Tauren | 9 | |
| Troll Witch Doctor | 8 | |
41 total
» upgrades
| Witch Doctor Training | 2 | |
| Armor | 1 | |
| Pulverize | 1 | |
| Melee Weapons | 1 | |
5 total
» buildings
| Altar of Storms | 1 | |
| Orc Burrow | 6 | |
| Barracks | 1 | |
| Voodoo Lounge | 1 | |
| Stronghold | 1 | |
| War Mill | 1 | |
| Watch Tower | 2 | |
| Fortress | 3 | |
| Spirit Lodge | 1 | |
| Tauren Totem | 3 | |
| Great Hall | 2 | |
22 total
» build order
00:10 Altar of Storms
00:26 Orc Burrow
00:40 Barracks
01:49 Orc Burrow
02:42 Voodoo Lounge
03:15 Orc Burrow
03:51 Stronghold
04:35 War Mill
04:38 Orc Burrow
06:08 Watch Tower
08:39 Fortress
08:39 Fortress
08:42 Spirit Lodge
09:13 Orc Burrow
09:15 Watch Tower
10:24 Orc Burrow
11:12 Tauren Totem
11:16 Tauren Totem
11:22 Tauren Totem
16:57 Great Hall
16:59 Great Hall
» items
| Healing Salve | 1 | |
| Scroll of Speed | 2 | |
| Lesser Clarity Potion | 2 | |
| Scroll of Town Portal | 5 | |
| Potion of Healing | 3 | |
| Potion of Lesser Invulnerability | 1 | |
14 total
team 2 (winner)
FaveColorlsPink (
purple | 100 APM | 2510 actions | 24:59)
7 Death Knight
3 Death Coil
3 Unholy Aura
1 Animate Dead
5 Lich
3 Frost Nova
2 Frost Armor
5 Crypt Lord
3 Impale
2 Spiked Carapace
» actions
| Assign group hotkey | 58 | |
| Basic commands | 3 | |
| Build / train | 76 | |
| ESC pressed | 2 | |
| Enter build submenu | 19 | |
| Enter hero's abilities submenu | 17 | |
| Give item / drop item | 5 | |
| Right click | 879 | |
| Select / deselect | 685 | |
| Select group hotkey | 618 | |
| Use ability | 148 | |
2510 total
» units
| Acolyte | 9 | |
| Ghoul | 3 | |
| Crypt Fiend | 8 | |
| Frost Wyrm | 7 | |
27 total
» upgrades
| Creature Attack | 3 | |
| Burrow | 1 | |
| Web | 1 | |
| Creature Carapace | 3 | |
8 total
» buildings
| Crypt | 1 | |
| Graveyard | 1 | |
| Altar of Darkness | 1 | |
| Ziggurat | 8 | |
| Tomb of Relics | 1 | |
| Necropolis | 1 | |
| Halls of the Dead | 1 | |
| Black Citadel | 1 | |
| Sacrificial Pit | 1 | |
| Boneyard | 2 | |
18 total
» build order
00:06 Crypt
00:12 Graveyard
00:32 Altar of Darkness
00:50 Ziggurat
01:18 Tomb of Relics
01:57 Ziggurat
04:51 Necropolis
05:02 Halls of the Dead
05:40 Ziggurat
06:11 Ziggurat
06:11 Ziggurat
07:29 Black Citadel
08:20 Sacrificial Pit
09:51 Boneyard
10:29 Boneyard
11:33 Ziggurat
14:59 Ziggurat
15:00 Ziggurat
» items
| Rod of Necromancy | 5 | |
| Potion of Healing | 1 | |
| Orb of Corruption | 1 | |
| Scroll of Healing | 2 | |
| Scroll of Town Portal | 3 | |
| Healing Salve | 1 | |
| Lesser Clarity Potion | 4 | |
| Scroll of Protection | 1 | |
18 total

»
ak6apc (
pink | 61 APM | 1525 actions | 24:58)
7 Blademaster
3 Wind Walk
3 Critical Strike
1 Bladestorm
4 Shadow Hunter
1 Hex
2 Healing Wave
1 Serpent Ward
» actions
| Assign group hotkey | 5 | |
| Basic commands | 4 | |
| Build / train | 87 | |
| Enter build submenu | 12 | |
| Enter hero's abilities submenu | 11 | |
| Give item / drop item | 7 | |
| Right click | 929 | |
| Select / deselect | 308 | |
| Select group hotkey | 36 | |
| Use ability | 126 | |
1525 total
» units
| Peon | 8 | |
| Tauren | 7 | |
| Troll Witch Doctor | 8 | |
23 total
» upgrades
| Armor | 2 | |
| Witch Doctor Training | 2 | |
| Pulverize | 1 | |
| Melee Weapons | 2 | |
7 total
» buildings
| Altar of Storms | 1 | |
| Orc Burrow | 6 | |
| Voodoo Lounge | 1 | |
| Stronghold | 5 | |
| War Mill | 1 | |
| Fortress | 1 | |
| Spirit Lodge | 1 | |
| Tauren Totem | 2 | |
18 total
» build order
00:08 Altar of Storms
00:19 Orc Burrow
00:40 Voodoo Lounge
02:24 Stronghold
02:25 Stronghold
02:25 Stronghold
04:13 Orc Burrow
04:14 War Mill
04:47 Orc Burrow
04:48 Fortress
06:00 Spirit Lodge
07:50 Tauren Totem
07:53 Tauren Totem
08:04 Orc Burrow
15:17 Orc Burrow
18:33 Orc Burrow
» items
| Lesser Clarity Potion | 8 | |
| Healing Salve | 5 | |
| Scroll of Speed | 3 | |
| Boots of Speed | 1 | |
| Circlet of Nobility | 1 | |
| Staff of Teleportation | 2 | |
| Orb of Lightning | 2 | |
| Potion of Healing | 5 | |
| Potion of Mana | 2 | |
| Scroll of Town Portal | 2 | |
| Potion of Lesser Invulnerability | 3 | |
| Scroll of Healing | 3 | |
37 total

»
Gizmo99 (
teal | 63 APM | 1584 actions | 24:58)
5 Demon Hunter
2 Immolation
3 Evasion
4 Priestess of the Moon
2 Trueshot Aura
2 Searing Arrows
» actions
| Assign group hotkey | 29 | |
| Basic commands | 220 | |
| Build / train | 107 | |
| ESC pressed | 3 | |
| Enter build submenu | 23 | |
| Enter hero's abilities submenu | 9 | |
| Give item / drop item | 2 | |
| Right click | 206 | |
| Select / deselect | 422 | |
| Select group hotkey | 514 | |
| Use ability | 49 | |
1584 total
» units
| Wisp | 20 | |
| Archer | 50 | |
| Faerie Dragon | 5 | |
| Druid of the Talon | 5 | |
80 total
» upgrades
| Improved Bows | 1 | |
| Moon Armor | 2 | |
| Strength of the Moon | 2 | |
| Marksmanship | 1 | |
| Druid of the Talon Training | 2 | |
8 total
» buildings
| Moon Well | 6 | |
| Ancient of War | 2 | |
| Altar of Elders | 1 | |
| Tree of Ages | 1 | |
| Hunter's Hall | 1 | |
| Ancient of Wind | 1 | |
| Ancient of Wonders | 1 | |
| Tree of Life | 2 | |
| Tree of Eternity | 1 | |
16 total
» build order
01:31 Moon Well
02:01 Ancient of War
02:04 Altar of Elders
02:29 Moon Well
02:48 Ancient of War
03:03 Moon Well
03:27 Moon Well
05:29 Tree of Ages
07:56 Hunter's Hall
09:07 Ancient of Wind
09:16 Ancient of Wonders
10:12 Tree of Life
10:58 Tree of Eternity
17:21 Moon Well
17:24 Moon Well
22:39 Tree of Life
» items
| Circlet of Nobility | 1 | |
| Scroll of Town Portal | 3 | |
| Orb of Venom | 1 | |
| Potion of Healing | 1 | |
6 total
Chat log
(00:16 / Allies) FaveColorlsPink: 100g?
(00:26 / Allies) FaveColorlsPink: ty
(00:31 / Allies) ak6apc: тз nigger
(00:35 / Allies) FaveColorlsPink: :)
(00:37 / Allies) ak6apc: np
(00:53 / Allies) ak6apc: tourens doctors
(00:59 / Allies) FaveColorlsPink: gj teal
(02:29 / Allies) FaveColorlsPink: get tavern hero etal
(02:30 / Allies) FaveColorlsPink: teal
(02:38 / Allies) ak6apc: panda
(02:45 / Allies) FaveColorlsPink: or dr
(05:25 / Allies) FaveColorlsPink: doing fine pink :)
(07:11 / All) NitrO-: Nice mh
(07:55 / Allies) ak6apc: aa need
(08:52 / Allies) FaveColorlsPink: wood pls
(10:31 / Allies) FaveColorlsPink: wood pls
(11:00 / Allies) ak6apc: gold?
(11:12 / Allies) ak6apc: ty
(11:19 / Allies) ak6apc: mb go>?
(11:44 / Allies) FaveColorlsPink: teal
(11:46 / Allies) FaveColorlsPink: u have no tp
(12:06 / Allies) Gizmo99: omg
(12:08 / Allies) FaveColorlsPink: ok gj
(12:10 / Allies) Gizmo99: wualsdf[
(12:11 / Allies) Gizmo99: df'
(12:11 / Allies) Gizmo99: asdf
(12:11 / Allies) Gizmo99: ads
(12:14 / Allies) Gizmo99: fuckl
(12:18 / Allies) FaveColorlsPink: idiot
(12:19 / Allies) Gizmo99: you idiot
(12:26 / Allies) Gizmo99: you idito]
(12:47 / Allies) Gizmo99: we would have won that battle moron
(12:51 / Allies) FaveColorlsPink: no fucking way
(13:05 / Allies) FaveColorlsPink: ur exe
(13:07 / Allies) FaveColorlsPink: mb make wisps
(13:25 / Allies) Gizmo99: well you didnt have to leave me to die
(14:09 / Allies) FaveColorlsPink: nice
(14:53 / Allies) FaveColorlsPink: come teal
(15:00 / Allies) ak6apc: tp and go
(15:06 / Allies) FaveColorlsPink: 7 archers
(15:07 / Allies) FaveColorlsPink: nice
(15:20 / Allies) Gizmo99: you make all my units die
(15:24 / Allies) FaveColorlsPink: fuck u
(15:25 / Allies) FaveColorlsPink: noob
(15:35 / Allies) ak6apc: go
(15:46 / Allies) Gizmo99: you the noob who killed all my units
(15:52 / Allies) Gizmo99: b
(15:52 / Allies) Gizmo99: b
(16:11 / All) NitrO-: More herofocus noob
(17:01 / Allies) FaveColorlsPink: gj teal
(17:07 / Allies) Gizmo99: those archers are pretty upgrade btw
(17:36 / Allies) FaveColorlsPink: more tauren
(17:56 / All) eluutz: basterd
(18:53 / Allies) Gizmo99: run
(20:12 / All) FaveColorlsPink: yellow u are fucking noob
(20:18 / All) NitrO-: lol
(20:32 / All) NitrO-: because i raped you few days ago
(20:40 / All) FaveColorlsPink: no i had u biggest rape ever
(20:44 / All) NitrO-: and because u lost coz u soloed with me few days ago?
(20:46 / All) NitrO-: nope
(20:47 / All) NitrO-: actually
(20:54 / Allies) ak6apc: altarb
(20:54 / All) NitrO-: taurens cant kill air
(20:54 / All) Gizmo99: whatever dude
(20:59 / All) FaveColorlsPink: dk 9 lich and cl 8
(21:01 / All) NitrO-: but u suck cocks anywa
(21:30 / Allies) FaveColorlsPink: indeed good upgrades 1-2
(21:33 / Allies) FaveColorlsPink: very nice
(21:55 / Allies) ak6apc: fast
(22:09 / Allies) FaveColorlsPink: nah finnish the noob
(22:30 / Allies) FaveColorlsPink: take
(22:33 / Allies) FaveColorlsPink: take
(22:55 / Allies) FaveColorlsPink: buy tp for sh
(23:52 / Allies) FaveColorlsPink: b
(24:05 / Allies) FaveColorlsPink: coming
(24:56 / All) eluutz: gg